 Dungeon Crawl Stone Soup version 0.31-a0-325-g067879e3d3 (webtiles) character file.

Game seed: 15185608016335185509

29 LeprechaunX the Changeling (level 3, -3/25 HPs)
             Began as an Octopode Shapeshifter on July 18, 2023.
             Slain by an orc priest
             ... wielding a +0 war axe
              (5 damage)
             ... on level 2 of the Dungeon.
             The game lasted 00:01:36 (688 turns).

LeprechaunX the Changeling (Octopode Shapeshifter)   Turns: 688, Time: 00:01:37

Health: -3/25      AC:  1    Str: 16    XL:     3   Next: 16%
Magic:  3/3        EV: 13    Int: 10    God:
Gold:   60         SH:  0    Dex: 12    Spells: 2/2 levels left

rFire   . .          .
                       - Unarmed
rCold   . . .        c - orb {*Rage}
rNeg    . . .        (helmet currently unavailable)
rPois   +            (no amulet)
rElec   .            k - ring of poison resistance
rCorr   .            (no ring)
SInv    .            (no ring)
Will    .....        (no ring)
Stlth   ++           (no ring)
HPRegen 0.24/turn    (no ring)
MPRegen 0.08/turn    (no ring)
                     (no ring)

%: random rage (20%)
@: beast-form, on berserk cooldown, slowed, very slow
A: beast (slay +2), almost no armour, amphibious, 8 rings, camouflage 1,
gelatinous body 1, (nimble swimmer 1), tentacles
a: Begin Untransformation


You were on level 2 of the Dungeon.
You were a hulking beast.
You visited 1 branch of the dungeon, and saw 2 of its levels.

You collected 60 gold pieces.

Inventory:

Armour
 c - an orb of wrath (worn)
Jewellery
 k - a ring of poison resistance (left tentacle)
Talismans
 b - a beast talisman
Scrolls
 d - a scroll of vulnerability {unknown}
 e - a scroll of amnesia {unknown}
 g - a scroll of fog {unknown}
 i - a scroll of brand weapon {unknown}
 j - a scroll of revelation {unknown}
 l - a scroll of identify {unknown}
 m - a scroll of fear {unknown}
Potions
 a - a potion of lignification
 f - 2 potions of heal wounds {unknown}
 h - 2 potions of might {unknown}


   Skills:
 + Level 2.3 Fighting
 + Level 2.2 Dodging
 * Level 2.6 Unarmed Combat
 * Level 3.3 Shapeshifting


You had 2 spell levels left.
You didn't know any spells.
Your spell library was empty.

Dungeon Overview and Level Annotations

Branches:
Dungeon (2/15)

Altars:


Innate Abilities, Weirdness & Mutations

You are a hulking beast.
Your limbs bulge with bestial killing power. (Slay +2)
You cannot wear most types of armour.
You are amphibious.
You can wear up to eight rings at the same time.
Your skin changes colour to match your surroundings (Stealth+).
Your rubbery body absorbs attacks. (AC +1, EV +1)
((You are camouflaged when in or above water. (Stealth+)))
You have tentacles for arms and can constrict up to eight enemies at once.


Message History

A ball python comes into view.
A red film seems to cover your vision as you go berserk!
You feel yourself moving faster!
You feel mighty!
You bludgeon the endoplasm!
You kill the endoplasm!
The endoplasm freezes you.
You are frozen.
You barely miss the endoplasm. You squeeze the endoplasm.
You kill the endoplasm!
A magic dart appears from out of thin air!
The magic dart hits you!
The orc shouts!
You hear a shout!
You hear an angry hiss. x2
You closely miss something. Your squeeze misses something.
You hear some strange, mumbled words.
You are confused.
A goblin and a quokka come into view.
The orc shouts!
Something hits you.
A rat comes into view.
You feel a strong urge to attack something.
You're too confused to attack without stumbling around!
You're too confused to attack without stumbling around!
You're too confused to attack without stumbling around!
You bump into the rock wall.
You feel your anger nearly subside.
You are no longer berserk.
You are exhausted.
You feel yourself slow down. Something hits you.
You barely miss something. Something hits you.
The orc priest completely misses you.
You closely miss something.
You feel less confused. Something hits you.
* * * LOW HITPOINT WARNING * * *
The orc priest closely misses you.
A kobold comes into view. It is wielding a +0 dagger.
The endoplasm closely misses you. Something hits you.
* * * LOW HITPOINT WARNING * * *
The endoplasm hits you.
* * * LOW HITPOINT WARNING * * *
The orc priest hits you with a +0 war axe.
You die...

#.# #.# #.# .# #.#
... #.# ##.g. #.#
.r... #.#....K.
#.#####J#o...<.
#.....h.ror..#
##########o#......
...........#.##.##
######<..........
######.##.# .# #


You could see an orc priest, 2 orcs, an endoplasm, a quokka, a kobold and a rat.

Vanquished Creatures
  4 endoplasms
  3 giant cockroaches (D:1)
  2 goblins (D:1)
  2 hobgoblins (D:1)
  2 jackals (D:1)
  3 kobolds (D:1)
  A quokka (D:1)
  2 ball pythons (D:1)
  4 bats (D:1)
  A frilled lizard (D:1)
  A rat (D:1)
25 creatures vanquished.

Notes
Turn   | Place    | Note
-------+----------+-------------------------------------------
     0 | D:1      | LeprechaunX the Octopode Shapeshifter began the quest for
                  | the Orb.
     0 | D:1      | Reached XP level 1. HP: 14/14 MP: 1/1
   129 | D:1      | Reached XP level 2. HP: 19/19 MP: 2/2
   499 | D:1      | Reached XP level 3. HP: 24/24 MP: 3/3
   688 | D:2      | Slain by an orc priest

Illustrated notes

Levels and vault maps discovered:
D:1:      tarquinn_simple_flora_water_d, layout_rooms, serial_park_tiny_1,
          minmay_misc_feat_ornament
D:2:      layout_basic, st_stairs_9, minmay_pentomino_t4, uniq_sigmund

Action                     || total
---------------------------++-------
  Melee: Unarmed           ||    42
         Constrict         ||     8
         Tentacles         ||     5
         Punch             ||     1
   Stab: Sleeping          ||     2
 Armour: Skin              ||     1
  Dodge: Dodged            ||    22

Table legend: (Time is in decaauts)
 A = Elapsed time spent in this place.
 B = Non-inter-level travel time spent in this place.
 C = Inter-level travel time spent in this place.
 D = Time resting spent in this place.
 E = Time spent auto-exploring this place.
 F = Levels seen in this place.
 G = Mean time per level.
                   A        B        C        D        E       F      G
               +--------+--------+--------+--------+--------+-----+--------+
         Total |    751 |    730 |     21 |     61 |    491 |   2 |  375.5 |
       Dungeon |    751 |    730 |     21 |     61 |    491 |   2 |  375.5 |
               +--------+--------+--------+--------+--------+-----+--------+

Top non-repeatable levels by time:
     D:1: 733 daAuts
     D:2: 17 daAuts
